 Dungeon Crawl Stone Soup version 0.31-a0-1066-g35875b34c7 (webtiles) character file.

Game seed: 12831972574446731374

373 Yaku the Slasher (level 7, -3/75 HPs)
             Began as a Djinni Gladiator on Nov 23, 2023.
             Slain by a gnoll
             ... wielding a +0 flail
              (5 damage)
             ... on level 5 of the Dungeon.
             The game lasted 00:11:23 (3185 turns).

Yaku the Slasher (Djinni Gladiator)                 Turns: 3185, Time: 00:11:27

Health: -3/75      AC: 23    Str: 15    XL:     7   Next: 3%
Gold:   161        EV:  2    Int: 10    God:
                   SH:  0    Dex: 14

rFire   . . .        a - +1 long sword
rCold   . . .        (no shield)
rNeg    . . .        b - melded +1 leather armour
rPois   ∞            s - melded +2 hat
rElec   .            (cloak currently unavailable)
rCorr   .            (gloves currently unavailable)
SInv    .            (boots unavailable)
Will    +....        (no amulet)
Stlth   ++           q - ring of willpower
HPRegen 0.32/turn    (no ring)
MPRegen 0.00/turn

%: infuse magic (-4 HP)
@: tree-form, studying Axes
A: stationary, stasis, torment immunity, boosted hp, sickness immunity, (fire
resistance 2), (cold vulnerability 1), float, innate caster, HP casting, extra
vitality 1
a: no special abilities


You were on level 5 of the Dungeon.
You were a tree.
You visited 1 branch of the dungeon, and saw 5 of its levels.

You collected 161 gold pieces.

Inventory:

Hand Weapons
 a - a +1 long sword (weapon)
 h - a +1 dagger of venom
Missiles
 d - 2 throwing nets
 e - a javelin
 l - 4 poisoned darts (quivered)
Armour
 b - a +1 leather armour (melded)
 c - a +0 helmet
 s - a +2 hat (melded)
Jewellery
 m - a ring of flight
 q - a ring of willpower (left branch)
Wands
 r - a wand of paralysis (5)
Scrolls
 f - 2 scrolls of teleportation
 g - 3 scrolls of identify
 j - 2 scrolls of noise
 n - a scroll of immolation {unknown}
Potions
 i - a potion of lignification
 k - a potion of brilliance


   Skills:
 + Level 3.1 Fighting
 + Level 4.8 Long Blades
 + Level 2.0 Throwing
 + Level 2.7 Armour
 + Level 4.1 Dodging
 + Level 1.0 Stealth


You knew the following spells:

 Your Spells              Type           Power      Damage    Failure   Level
a - Freeze                Ice            0%         1d3       36%         1
b - Static Discharge      Conj/Air       0%         3-3/arc   50%         2
c - Ignite Poison         Fire/Tmut/Pois 0%         N/A       75%         3
Your spell library was empty.

Dungeon Overview and Level Annotations

Branches:
Dungeon (5/15)             Temple (0/1) D:5

Altars:
Gozag

Shops:
D:2 :   D:3 *(


Innate Abilities, Weirdness & Mutations

You are a tree.
Your roots penetrate the ground, keeping you stationary.
You cannot be teleported.
You are immune to unholy pain and torment.
Your maximum health is greatly increased.
Your equipment is partially melded.
You are immune to sickness and miasma.
You are immune to poison.
((Your flesh is very heat resistant. (rF++)))
((You are vulnerable to cold. (rC-)))
You float through the air rather than walking.
You learn spells naturally, not from books.
Your magical power is your life essence.
You have superior vitality. (+4 MHP)


Message History

The gnoll bouda hits you with a +0 whip!
The gnoll hits you but does no damage.
You barely miss the gnoll bouda.
The gnoll bouda is heavily wounded.
You feel less invigorated.
You feel less confused. The gnoll hits you but does no damage.
The gnoll bouda hits you with a +0 whip.
The gnoll hits you from afar with a +0 spear.
* * * LOW HITPOINT WARNING * * *
You barely miss the gnoll bouda.
The gnoll bouda is heavily wounded.
The gnoll hits you but does no damage.
The gnoll bouda hits you but does no damage.
The gnoll hits you but does no damage. x2
You cannot move.
You hit the gnoll bouda.
The gnoll bouda is almost dead.
Your attacks no longer feel as feeble.
The gnoll bouda hits you but does no damage.
The gnoll completely misses you. The gnoll hits you but does no damage.
The gnoll bouda hits you but does no damage.
You slash the gnoll bouda!
You kill the gnoll bouda!
The gnoll hits you from afar with a +0 spear.
* * * LOW HITPOINT WARNING * * *
The gnoll hits you with a +0 flail.
* * * LOW HITPOINT WARNING * * *
The gnoll hits you from afar with a +0 spear.
* * * LOW HITPOINT WARNING * * *
You have reached level 7!
The power to cast Ignite Poison wells up from within.
Spell assigned to 'c'.
As you read the scroll labelled HIANIOMOITI, it crumbles to dust.
You hear a loud clanging noise!
It was a scroll of noise.
You hear an angry hiss.
A water moccasin comes into view.
The gnoll hits you with a +0 flail.
You die...

## .S##.# ..
##.....# ##
.. ........
.g. #.
#......#
8g##. #.....
⌠ ... #...
....##g###g#
>...(.gg<♣.#
......g#####
######. #.
#. .. #. #.


You could see a water moccasin and 5 gnolls.

Vanquished Creatures
  A black bear (D:3)
  A phantom (D:4)
  A sleepcap (D:4)
  A gnoll bouda (D:5)
  An orc wizard (D:4)
  2 gnolls (D:5)
  3 adders
  A worm (D:3)
  16 orcs
  7 ball pythons
  10 endoplasms
  2 giant cockroaches
  6 goblins
  3 hobgoblins
  2 quokkas
  2 frilled lizards (D:1)
  3 kobolds
  2 rats (D:1)
64 creatures vanquished.

Notes
Turn   | Place    | Note
-------+----------+-------------------------------------------
     0 | D:1      | Yaku the Djinni Gladiator began the quest for the Orb.
     0 | D:1      | Reached XP level 1. HP: 18/18 MP: 0/0
   183 | D:1      | Reached XP level 2. HP: 23/23 MP: 0/0
   658 | D:1      | Reached XP level 3. HP: 28/28 MP: 0/0
   658 | D:1      | Learned a level 1 spell: Freeze
  1147 | D:2      | Found a faded altar of an unknown god.
  1249 | D:2      | Reached XP level 4. HP: 33/33 MP: 0/0
  1367 | D:2      | Found Olycser's Vocational Training.
  1472 | D:3      | Found Geutozos's Weapon Shop.
  1509 | D:3      | HP: 1/34 [kobold/+0 dagger (3)]
  1540 | D:3      | Found Gozag's Platinum Reserve.
  1540 | D:3      | Found an opulent altar of Gozag.
  1834 | D:3      | Noticed a black bear
  1843 | D:3      | Killed a black bear
  1844 | D:3      | Reached XP level 5. HP: 21/39 MP: 0/0
  1844 | D:3      | Learned a level 2 spell: Static Discharge
  2394 | D:4      | Noticed a phantom
  2406 | D:4      | Killed a phantom
  2407 | D:4      | Reached XP level 6. HP: 23/45 MP: 0/0
  3160 | D:5      | Entered Level 5 of the Dungeon
  3161 | D:5      | Found a staircase to the Ecumenical Temple.
  3168 | D:5      | Reached skill level 1 in Stealth
  3184 | D:5      | HP: 1/69 [gnoll/+0 spear (3)]
  3185 | D:5      | Reached XP level 7. HP: 1/50 MP: 0/0
  3185 | D:5      | Learned a level 3 spell: Ignite Poison
  3185 | D:5      | Noticed a water moccasin
  3185 | D:5      | Slain by a gnoll

Illustrated notes

Levels and vault maps discovered:
D:1:      heliophobic_arrival_glass_houses, layout_basic
D:2:      layout_rooms, hellmonk_ecumenical_altar_arch_garden,
          nicolae_shop_vocational
D:3:      layout_basic, nicolae_gozag_zags_fifth_avenue, serial_shops, shop
D:4:      layout_cave_pools, mainiacjoe_overflow_small_starburst,
          chequers_jeans, hellmonk_no_cap
D:5:      layout_loops_corners, nemelex_xobeh_ov_fountains_minmay,
          nicolae_overflow_quartered_altars,
          minmay_temple_entry_drinking_statues, dk_rats_in_the_wall

Skill      XL: |  1  2  3  4  5  6 |
---------------+-------------------+-----
Long Blades    | 3 4 |  4.8
Armour         | 2 |  2.7
Throwing       | 2 |  2.0
Dodging        | 4 |  4.1
Fighting       | 3 |  3.1
Stealth        | 1 |  1.0

Action                     |  1- 3 |  4- 6 |  7- 9 || total
---------------------------+-------+-------+-------++-------
  Melee: Long sword        |    63 |   137 |       ||   200
         Punch             |       |     2 |       ||     2
  Throw: Throwing net      |     2 |       |       ||     2
         Dart              |       |     7 |       ||     7
         Javelin           |       |     2 |       ||     2
   Cast: Freeze            |       |     1 |       ||     1
    Use: Scroll            |     1 |     4 |     1 ||     6
         Potion            |       |     3 |       ||     3
   Stab: Sleeping          |     1 |       |       ||     1
 Armour: Leather armour    |    14 |   110 |       ||   124
         Skin              |       |    30 |     1 ||    31
  Dodge: Dodged            |    50 |   102 |       ||   152

Table legend: (Time is in decaauts)
 A = Elapsed time spent in this place.
 B = Non-inter-level travel time spent in this place.
 C = Inter-level travel time spent in this place.
 D = Time resting spent in this place.
 E = Time spent auto-exploring this place.
 F = Levels seen in this place.
 G = Mean time per level.
                   A        B        C        D        E       F      G
               +--------+--------+--------+--------+--------+-----+--------+
         Total |   3225 |   3095 |    130 |      0 |   2497 |   5 |  645.0 |
       Dungeon |   3225 |   3095 |    130 |      0 |   2497 |   5 |  645.0 |
               +--------+--------+--------+--------+--------+-----+--------+

Top non-repeatable levels by time:
     D:1: 1022 daAuts
     D:4: 915 daAuts
     D:3: 816 daAuts
     D:2: 443 daAuts
     D:5: 27 daAuts
